 Dungeon Crawl Stone Soup version 0.31-a0-112-gdf0485fa37 (webtiles) character file.

Game seed: 9432565437898506698

159 juan097 the Sneak (level 4, 0/37 HPs)
             Began as a Demigod Brigand on May 28, 2023.
             Splashed by a jelly's acid (11 damage)
             ... on level 4 of the Dungeon.
             The game lasted 00:03:49 (2414 turns).

juan097 the Sneak (Demigod Brigand)                 Turns: 2414, Time: 00:03:50

Health: 0/37       AC: -2    Str: 12    XL:     4   Next: 95%
Magic:  6/6        EV: 11    Int: 13    God:
Gold:   217        SH:  0    Dex: 19    Spells: 3/3 levels left

rFire   . . .        a - +2 dagger
rCold   . . .        (no shield)
rNeg    . . .        k - +0 ring mail
rPois   .            (no helmet)
rElec   .            c - +0 cloak
rCorr   .            (no gloves)
SInv    .            (no boots)
Will    .....        (no amulet)
Stlth   ++           (no ring)
HPRegen 0.26/turn    (no ring)
MPRegen 0.10/turn

%: no passive effects
@: corroded
A: high MP 1, forlorn, divine attributes
a: no special abilities


You were on level 4 of the Dungeon.
You visited 1 branch of the dungeon, and saw 4 of its levels.

You collected 217 gold pieces.

Inventory:

Hand Weapons
 a - a +2 dagger (weapon)
Missiles
 d - 20 poisoned darts (quivered)
 e - 3 curare-tipped darts
 q - 5 datura-tipped darts
Armour
 b - a +0 robe
 c - a +0 cloak (worn)
 f - a +0 leather armour
 k - a +0 ring mail (worn)
Scrolls
 g - 4 scrolls of identify {unknown}
 h - 2 scrolls of teleportation {unknown}
 i - a scroll of magic mapping {unknown}
 j - 4 scrolls of enchant armour {unknown}
 m - a scroll of amnesia {unknown}
 p - a scroll of immolation {unknown}
 r - a scroll of fog {unknown}
Potions
 l - a potion of brilliance {unknown}
 n - a potion of curing {unknown}
 o - 2 potions of attraction {unknown}
 s - a potion of berserk rage {unknown}


   Skills:
 + Level 2.5 Fighting
 * Level 3.2 Short Blades
 + Level 2.5 Throwing
 + Level 2.0 Dodging
 - Level 4.0 Stealth


You had 3 spell levels left.
You didn't know any spells.
Your spell library contained the following spells:

 Spells                   Type           Power      Damage    Failure   Level
 Poisonous Vapours        Pois/Air       0%         N/A       71%         2
 Mephitic Cloud           Conj/Pois/Air  0%         N/A       91%         3
 Portal Projectile        Hex/Tloc       0%         N/A       91%         3
 Tukima's Dance           Hex            0%         N/A       91%         3
 Blade Hands              Tmut           0%         N/A       100%        5
 Freezing Cloud           Conj/Ice/Air   0%         6-21      100%        5


Dungeon Overview and Level Annotations

Branches:
Dungeon (4/15)
 Temple: D:4-7


Innate Abilities, Weirdness & Mutations

You have an increased reservoir of magic. (+10% MP)
You shall have no god before yourself.
Your divine heritage dramatically boosts your attributes as you level up.


Message History

No target in view!
No target in view!
No target in view!
No target in view!
No target in view!
No target in view!
No target in view!
No target in view!
No target in view!
You now have 217 gold pieces (gained 6).
d - 19 poisoned darts (gained 1)
d - 20 poisoned darts (gained 1)
d - 21 poisoned darts (gained 1)
A jelly comes into view.
The jelly moves out of view.
s - a metallic amethyst potion A jelly is nearby!
A jelly is nearby!
You throw a poisoned dart. The poisoned dart hits the jelly!
The jelly quivers.
The jelly hits you but does no damage.
You hit the jelly.
Your hands burn!
The jelly is lightly wounded.
You hit the jelly.
Your hands burn!
The jelly is lightly wounded.
The jelly closely misses you.
You barely miss the jelly.
The jelly is lightly wounded.
The jelly hits you. The acid corrodes you!
You are splashed with acid.
You hit the jelly.
Your hands burn!
The jelly is moderately wounded.
The jelly hits you. The acid corrodes you!
You are splashed with acid!
You are too injured to fight recklessly!
You are too injured to fight recklessly!
You hit the jelly but do no damage.
Your hands burn!
The jelly is moderately wounded.
The jelly hits you.
* * * LOW HITPOINT WARNING * * *
You are splashed with acid!
You die...

#...)####.#)####.#
#.........#......########
#....#########..........#
#....# .................#
#....# .#####...........#
###### #####...........#
...#...........#
##.#.....#######
#....@J..# #.....##(#
#.....#.... #.#......###
#...#.#..# ###.#.#....
....# ### ##.###


You could see a jelly.

Vanquished Creatures
  A howler monkey (D:3)
  A hound (D:4)
  2 adders
  3 worms (D:2)
  A dart slug (D:3)
  10 orcs
  6 bats
  An endoplasm (D:2)
  3 giant cockroaches
  9 hobgoblins
  A kobold (D:4)
  5 ball pythons
  3 frilled lizards (D:1)
  6 goblins
  2 rats
54 creatures vanquished.

Notes
Turn   | Place    | Note
-------+----------+-------------------------------------------
     0 | D:1      | juan097 the Demigod Brigand began the quest for the Orb.
     0 | D:1      | Reached XP level 1. HP: 17/17 MP: 3/3
    62 | D:1      | Reached skill level 1 in Dodging
   214 | D:1      | Reached XP level 2. HP: 16/24 MP: 4/4
   938 | D:2      | Reached XP level 3. HP: 29/29 MP: 5/5
  1834 | D:3      | Reached skill level 4 in Stealth
  1834 | D:3      | Reached XP level 4. HP: 26/37 MP: 6/6
  2414 | D:4      | Splashed by a jelly's acid

Illustrated notes

Levels and vault maps discovered:
D:1:      zelgadis_glass_arrival_small, layout_basic
D:2:      layout_basic, shapermc_ecumenical_altar_venn
D:3:      layout_rooms, mainiacjoe_overflow_boulevard
D:4:      layout_basic, minmay_shop_grid_forest

Skill      XL: |  1  2  3  4 |
---------------+-------------+-----
Dodging        | 1 2 |  2.0
Short Blades   | 2 3 |  3.2
Throwing       | 2 |  2.5
Fighting       | 2 |  2.5
Stealth        | 4 |  4.0

Action                     |  1- 3 |  4- 6 || total
---------------------------+-------+-------++-------
  Melee: Dagger            |   121 |    82 ||   203
         Punch             |       |     1 ||     1
  Throw: Dart              |    25 |     8 ||    33
   Stab: Sleeping          |     4 |       ||     4
 Armour: Leather armour    |    10 |       ||    10
         Robe              |     3 |       ||     3
         Ring mail         |    18 |    18 ||    36
  Dodge: Dodged            |    45 |    34 ||    79

Table legend: (Time is in decaauts)
 A = Elapsed time spent in this place.
 B = Non-inter-level travel time spent in this place.
 C = Inter-level travel time spent in this place.
 D = Time resting spent in this place.
 E = Time spent auto-exploring this place.
 F = Levels seen in this place.
 G = Mean time per level.
                   A        B        C        D        E       F      G
               +--------+--------+--------+--------+--------+-----+--------+
         Total |   2382 |   2292 |     90 |      0 |   1814 |   4 |  595.5 |
       Dungeon |   2382 |   2292 |     90 |      0 |   1814 |   4 |  595.5 |
               +--------+--------+--------+--------+--------+-----+--------+

Top non-repeatable levels by time:
     D:2: 976 daAuts
     D:1: 723 daAuts
     D:3: 523 daAuts
     D:4: 159 daAuts
